 Dungeon Crawl Stone Soup version 0.31-a0-831-g143b1e81fc (webtiles) character file.

Game seed: 6959228158698538539

23 ipx the Twirler (level 3, -1/18 HPs)
             Began as a Vine Stalker Gladiator on Sept 24, 2023.
             Slain by a goblin
             ... wielding a +0 dagger
             ... led by Robin
              (3 damage)
             ... on level 2 of the Dungeon.
             The game lasted 00:04:54 (337 turns).

ipx the Twirler (Vine Stalker Gladiator)             Turns: 337, Time: 00:04:55

Health: -1/18      AC:  5    Str: 18    XL:     3   Next: 0%
Magic:  0/4        EV:  9    Int:  8    God:
Gold:   53         SH:  0    Dex: 15    Spells: 2/2 levels left

rFire   . . .        a - +0 quarterstaff
rCold   . . .        (shield currently unavailable)
rNeg    . . .        b - +0 leather armour
rPois   .            c - +0 helmet
rElec   .            k - +0 cloak
rCorr   .            (no gloves)
SInv    .            (no boots)
Will    +....        (no amulet)
Stlth   +            (no ring)
HPRegen 1.03/turn    (no ring)
MPRegen 0.09/turn

%: guardian spirit
@: enlightened, flying, constricted
A: fangs 2, regeneration 1, magic shield, antimagic bite, no potion heal 2
a: no special abilities


You were on level 2 of the Dungeon.
You visited 1 branch of the dungeon, and saw 3 of its levels.

You collected 53 gold pieces.

Inventory:

Hand Weapons
 a - a +0 quarterstaff (weapon)
Missiles
 d - 3 throwing nets
 e - a javelin
 j - 6 boomerangs (quivered)
 l - 5 darts of dispersal
Armour
 b - a +0 leather armour (worn)
 c - a +0 helmet (worn)
 k - a +0 cloak (worn)
Scrolls
 f - 3 scrolls of identify {unknown}
 g - a scroll of enchant weapon {unknown}
 i - a scroll of teleportation {unknown}
 m - a scroll of fear {unknown}


   Skills:
 - Level 1.7 Fighting
 + Level 3.6 Staves
 - Level 2.0 Throwing
 - Level 2.4 Dodging


You had 2 spell levels left.
You didn't know any spells.
Your spell library contained the following spells:

 Spells                   Type           Power      Damage    Failure   Level
 Poisonous Vapours        Pois/Air       0%         N/A       61%         2
 Mephitic Cloud           Conj/Pois/Air  0%         N/A       83%         3
 Freezing Cloud           Conj/Ice/Air   0%         6-21      100%        5


Dungeon Overview and Level Annotations

Branches:
Dungeon (3/15)

Altars:
Ru

Annotations:
D:2 Robin


Innate Abilities, Weirdness & Mutations

You have extremely sharp teeth.
Your natural rate of healing is unusually fast.
When hurt, damage is shared between your health and your magic reserves.
Your bite disrupts and absorbs the magic of your enemies.
Potions cannot restore your health.


Message History

Robin's horned helmet rattles.
Robin throws the goblin at you! The goblin hits you with a +0 club.
The goblin closely misses you. The goblin hits you but does no damage.
You barely miss the ball python.
The goblin unwields a +0 sling.
The goblin wields a +0 dagger.
The goblin hits you with a +0 dagger. The ball python barely misses you.
The ball python constricts you. The goblin hits you with a +0 club.
The goblin hits you with a +0 dagger. x2
You barely miss the ball python.
The ball python bites you but does no damage.
The ball python constricts you. The goblin hits you but does no damage.
A goblin comes into view. It is wielding a +0 club.
A goblin comes into view. It is wielding a +0 dagger.
The goblin closely misses you.
The goblin hits you with a +0 dagger. x2
The ball python bites you.
* * * LOW HITPOINT WARNING * * *
The ball python constricts you.
You hit the ball python but do no damage.
You bite the ball python. You drain its power.
You feel invigorated.
The ball python is severely wounded.
The goblin hits you with a +0 dagger.
* * * LOW HITPOINT WARNING * * *
The ball python bites you.
* * * LOW HITPOINT WARNING * * *
The ball python constricts you.
A hobgoblin comes into view.
A goblin comes into view. It is wielding a +0 dagger.
The goblin barely misses you. The goblin completely misses you.
The goblin hits you but does no damage. The goblin hits you with a +0 dagger.
* * * LOW HITPOINT WARNING * * *
Okay, then.
Okay, then.
It was a potion of enlightenment.
You feel very buoyant.
You fly up into the air.
The hobgoblin shouts!
The ball python bites you but does no damage.
The ball python constricts you. The goblin closely misses you.
The goblin barely misses you. The goblin closely misses you.
The goblin hits you with a +0 dagger.
You die...

## ### ... ....
.... .....
.....
..g..g###......
..g.ggS@g......
##..ggggg......
.g...##.#.#####
.g.. ..#.# ...
#.# # .. #.# .
#.# #.#


You could see Robin, a hobgoblin, 11 goblins and a ball python.

Vanquished Creatures
  A worm (D:2)
  3 endoplasms
  2 goblins (D:2)
  2 hobgoblins
  2 jackals
  A kobold (D:1)
  2 ball pythons
  2 bats
  3 frilled lizards
  2 rats
20 creatures vanquished.

Notes
Turn   | Place    | Note
-------+----------+-------------------------------------------
     0 | D:1      | ipx the Vine Stalker Gladiator began the quest for the Orb.
     0 | D:1      | Reached XP level 1. HP: 11/11 MP: 2/2
    49 | D:1      | Reached skill level 3 in Staves
    98 | D:1      | Found a faded altar of an unknown god.
   106 | D:1      | Reached XP level 2. HP: 15/15 MP: 3/3
   317 | D:3      | Found a sacrificial altar of Ru.
   327 | D:3      | Reached XP level 3. HP: 18/18 MP: 4/4
   329 | D:2      | Noticed Robin
   337 | D:2      | Slain by a goblin

Illustrated notes

Levels and vault maps discovered:
D:1:      amcnicky_arrival_blooded_trapdoor, layout_loops_cross,
          hellmonk_ecumenical_altar_run_dry
D:2:      layout_basic, basic_altar, serial_glass, glass_columns_a,
          glass_columns_a, uniq_robin
D:3:      layout_basic, mainiacjoe_overflow_small_starburst, old_standard_altar,
          mainiacjoe_overflow_six_doors_small, gup_sewer_entry_glass

Skill      XL: |  1  2 |
---------------+-------+-----
Staves         | 3 |  3.6
Throwing       | 2 |  2.0
Fighting       | |  1.7
Dodging        | |  2.4

Action                     || total
---------------------------++-------
  Melee: Quarterstaff      ||    47
         Bite              ||     9
  Throw: Boomerang         ||     9
    Use: Potion            ||     1
 Armour: Leather armour    ||    42
  Dodge: Dodged            ||    42

Table legend: (Time is in decaauts)
 A = Elapsed time spent in this place.
 B = Non-inter-level travel time spent in this place.
 C = Inter-level travel time spent in this place.
 D = Time resting spent in this place.
 E = Time spent auto-exploring this place.
 F = Levels seen in this place.
 G = Mean time per level.
                   A        B        C        D        E       F      G
               +--------+--------+--------+--------+--------+-----+--------+
         Total |    345 |    345 |      0 |      0 |      0 |   3 |  115.0 |
       Dungeon |    345 |    345 |      0 |      0 |      0 |   3 |  115.0 |
               +--------+--------+--------+--------+--------+-----+--------+

Top non-repeatable levels by time:
     D:2: 196 daAuts
     D:1: 131 daAuts
     D:3: 18 daAuts
